Map: Hecate LE

Players

Logifresh - Winner!

  • Race: Terran Terran
  • League: Diamond
  • Spawn Location: 7:00

Subwayeatn

  • Race: Zerg Zerg
  • League: Platinum
  • Spawn Location: 1:00

VOD

Have the link to the VOD?

Description

Time

  • Played on: Nov. 4, 2023, 1:28 p.m.
  • Length: 13:16
Show
View Real Time Build Order
Export as new Build Order

Logifresh Terran - Winner!

Build Orders:  

Get SALT Encoding   

  12  0:01  SCV  
  13  0:13  SCV  
  14  0:17  Supply Depot  
  14  0:25  SCV  
  15  0:39  SCV  
  15  0:41  Barracks  
  16  0:46  Refinery  
  16  0:51  SCV  
  17  1:03  SCV  
  18  1:15  SCV  
  19  1:28  SCV  
  20  1:41  Marine  
  20  1:42  Command Center  
  20  1:46  SCV  
  22  1:47  Supply Depot  
  22  1:59  Marine  
  22  2:00  Orbital Command  
  23  2:10  Bunker  
  23  2:21  Factory  
  23  2:27  Refinery  
  23  2:33  Barracks Reactor  
  23  2:35  SCV  
  24  2:50  SCV  
  25  2:53  Barracks  
  25  2:59  SCV  
  26  3:07  Factory Tech Lab  
  26  3:10  Armory  
  27  3:12  SCV  
  27  3:14  Marine x2  
  29  3:21  Orbital Command  
  29  3:26  Widow Mine  
  31  3:29  SCV  
  32  3:37  Starport  
  32  3:41  SCV  
  33  3:46  Marine, Supply Depot  
  34  3:48  Marine  
  34  3:53  Widow Mine  
  34  3:55  SCV  
  38  3:57  Drilling Claws  
  38  4:01  SCV  
  39  4:06  Barracks Reactor  
  39  4:10  SCV  
  39  4:12  Marine x2  
  39  4:15  Supply Depot  
  42  4:17  Widow Mine  
  42  4:18  Medivac  
  42  4:22  SCV  
  42  4:23  SCV  
  48  4:31  Marine x2  
  48  4:35  SCV  
  51  4:39  SCV  
  51  4:41  Widow Mine  
  51  4:44  Marine x2  
  56  4:48  Supply Depot  
  56  4:49  SCV  
  57  5:03  SCV  
  57  5:04  SCV  
  59  5:16  SCV x2  
  61  5:28  SCV  
  63  5:35  SCV  
  63  5:39  Marine x2  
  63  5:40  SCV  
  66  5:46  Medivac  
  66  5:47  SCV  
  67  5:50  Refinery  
  67  5:51  Refinery  
  67  5:53  SCV  
  67  5:54  Supply Depot  
  66  6:03  Stimpack, Command Center, Widow Mine x2  
  70  6:11  Marine  
  70  6:12  Marauder  
  73  6:20  Barracks x2, Starport Reactor  
  73  6:24  Widow Mine x2, Marine  
  78  6:26  SCV  
  78  6:29  Marine  
  80  6:41  Marine  
  80  6:42  Marine  
  80  6:50  Engineering Bay  
  80  6:51  Engineering Bay  
  80  6:52  Supply Depot  
  80  6:55  Marine  
  80  6:57  Medivac x2  
  80  6:59  Marine  
  86  7:01  Marine  
  87  7:13  Marine  
  86  7:24  SCV x2  
  86  7:25  Widow Mine x2  
  86  7:27  Medivac x2  
  92  7:42  Factory  
  92  7:43  Barracks Reactor  
  90  7:44  Barracks Tech Lab  
  90  7:51  Orbital Command  
  90  7:53  SCV x2  
  90  7:57  Marine x3  
  95  8:03  Marine  
  95  8:05  SCV x2  
  98  8:15  Marine x3  
  98  8:17  SCV  
  98  8:18  SCV x2  
  100  8:21  Marine  
  100  8:26  Medivac x2  
  105  8:29  Factory Tech Lab, SCV  
  105  8:30  SCV x2  
  105  8:32  Barracks  
  108  8:35  Marauder, Marine x4  
  108  8:38  Supply Depot  
  108  8:39  Marauder  
  116  8:50  SCV  
  116  8:53  Refinery  
  116  8:55  Refinery  
  117  8:56  Supply Depot  
  117  8:57  Terran Infantry Weapons Level 1, Supply Depot  
  117  8:58  Terran Infantry Armor Level 1  
  117  8:59  SCV x2  
  117  9:01  Supply Depot  
  117  9:02  Supply Depot  
  119  9:03  Supply Depot  
  119  9:04  SCV  
  119  9:06  Marine x2  
  119  9:08  Siege Tank  
  125  9:18  Marauder, SCV, Marine x3  
  131  9:26  Marine x2  
  131  9:28  Barracks Reactor  
  131  9:32  Combat Shield  
  131  9:33  Barracks  
  131  9:34  Concussive Shells  
  131  9:36  Marauder  
  131  9:37  Medivac x2  
  137  9:40  Siege Tank, Marauder  
  140  9:47  SCV x3  
  140  9:52  Marine x4  
  147  9:55  Widow Mine x2  
  147  9:57  Marauder  
  153  10:09  Missile Turret  
  153  10:12  Siege Tank  
  156  10:16  Widow Mine  
  156  10:20  Terran Vehicle Weapons Level 1  
  158  10:23  Barracks Reactor  
  158  10:26  Marine  
  158  10:27  Marine x4  
  163  10:28  Missile Turret  
  163  10:29  Factory, Marauder  
  163  10:35  Marauder  
  165  10:49  Supply Depot  
  165  10:51  Supply Depot x2  
  165  10:54  Terran Infantry Weapons Level 2, Terran Infantry Armor Level 2  
  165  10:56  Marine x3  
  165  10:57  Siege Tank, Marauder x2, Marine x3  
  173  11:00  Widow Mine  
  180  11:11  Medivac x2, Widow Mine  
  186  11:24  Command Center  
  186  11:27  Marine x2  
  186  11:28  Marine x4  
  186  11:29  Siege Tank, Marauder x2  
  199  11:35  Supply Depot  
  199  11:36  Supply Depot  
  153  12:37  Marine x4  
  153  12:38  Marine x3  
  153  12:39  Marauder  
  155  12:55  Marine x5  
  155  12:56  Marine  
Show
View Real Time Build Order
Export as new Build Order

Subwayeatn Zerg 

Build Orders: Hatch First 

Get SALT Encoding   

  12  0:00  Drone  
  13  0:14  Overlord  
  13  0:19  Drone  
  14  0:32  Drone x2  
  16  0:49  Hatchery  
  15  0:53  Drone  
  15  0:55  Drone  
  17  0:59  Drone  
  18  1:05  Extractor  
  17  1:14  Spawning Pool  
  16  1:21  Drone x2  
  18  1:36  Overlord  
  18  1:44  Drone  
  19  1:51  Drone  
  20  2:01  Queen  
  20  2:02  Queen  
  20  2:05  Zergling x2  
  20  2:07  Zergling x2  
  26  2:14  Metabolic Boost  
  26  2:48  Overlord  
  26  2:56  Overlord  
  25  3:01  Drone x3  
  25  3:02  Overlord, Hatchery  
  27  3:10  Drone x2  
  29  3:14  Queen  
  31  3:20  Queen  
  33  3:33  Drone x5  
  38  3:35  Drone  
  38  3:37  Drone  
  40  3:51  Baneling Nest  
  39  4:00  Queen  
  41  4:07  Lair  
  41  4:11  Drone x8, Extractor  
  48  4:24  Drone x5  
  53  4:47  Overlord  
  53  4:49  Overlord  
  53  4:55  Zergling x2  
  53  4:56  Zergling x8  
  58  5:02  Overlord  
  58  5:07  Overlord  
  58  5:11  Overlord  
  58  5:18  Centrifugal Hooks  
  58  5:22  Drone x3  
  61  5:30  Overseer, Evolution Chamber  
  44  5:36  Overseer  
  44  5:48  Drone x9  
  44  5:49  Drone x3  
  56  6:00  Overlord  
  56  6:07  Overseer  
  56  6:15  Queen  
  58  6:20  Zerg Melee Weapons Level 1  
  58  6:24  Zergling x2  
  58  6:25  Zergling x14  
  66  6:36  Overlord  
  66  6:44  Overlord  
  66  6:48  Zergling x2  
  66  6:50  Burrow  
  67  6:56  Drone, Hydralisk Den  
  67  6:57  Drone  
  67  6:58  Infestation Pit  
  67  6:59  Drone x7  
  74  7:02  Queen  
  74  7:05  Overlord  
  76  7:11  Zergling x2  
  72  7:27  Drone x4  
  72  7:28  Grooved Spines  
  76  7:40  Extractor x2  
  74  7:47  Baneling  
  74  7:48  Baneling x4  
  74  7:53  Extractor x2, Overlord  
  74  7:57  Drone x2  
  74  7:58  Drone  
  75  8:02  Drone x2  
  75  8:03  Drone  
  75  8:05  Drone  
  77  8:19  Muscular Augments  
  76  8:22  Spore Crawler  
  76  8:24  Spore Crawler  
  74  8:27  Drone x3, Spore Crawler  
  74  8:28  Drone  
  74  8:30  Drone  
  74  8:32  Drone x8  
  86  8:39  Zergling x2  
  86  8:40  Zergling x2  
  88  8:42  Zergling x2  
  89  8:49  Overlord x2  
  89  8:54  Hive  
  89  8:56  Zerg Melee Weapons Level 2  
  89  9:02  Evolution Chamber  
  88  9:04  Hatchery  
  76  9:34  Hydralisk  
  76  9:35  Hydralisk x13  
  104  9:40  Drone  
  104  9:41  Drone  
  106  9:54  Zergling x2  
  106  9:56  Zergling x2  
  108  10:22  Zergling x16  
  108  10:23  Zergling x2  
  108  10:43  Zergling x12  
  108  10:44  Zergling x8  
  118  10:50  Drone x6  
  118  10:53  Queen  
  126  10:59  Ultralisk Cavern  
  126  11:00  Zerg Ground Armor Level 1  
  125  11:08  Overseer  
  125  11:11  Overseer x2  
  125  11:13  Baneling x6  
  125  11:14  Extractor, Baneling x5  
  125  11:15  Baneling x2  
  125  11:17  Zergling x2  
  125  11:18  Zergling x16, Extractor  
  133  11:24  Queen  
  133  11:25  Adrenal Glands  
  133  11:29  Hatchery  
  132  11:54  Overlord x4  
  132  12:00  Zergling x2  
  132  12:13  Ultralisk  
  132  12:14  Ultralisk x4  
  167  12:18  Overlord  
  167  12:19  Overlord x2  
  128  12:39  Hydralisk x7  
Tags
 
Matchup
TvZ
Replay Pack
Multiplayer
Spawn Locations
Cross Positions
Add a new tag
Caveats
  • Supply blocks, unpowered buildings, or Contaminate may cause inaccurate times.
  • Supply counts are checked every 10 seconds.